 Dungeon Crawl Stone Soup version 0.18-a0-1426-g3b9a63c (webtiles) character file.

16205 Slowtrain the Destroyer (level 12, 0/71 HPs)
             Began as a Tengu Wizard on Feb 25, 2016.
             Was a High Priest of Vehumet.
             Slain by a red ugly thing (16 damage)
             ... on level 12 of the Dungeon on Feb 27, 2016.
             The game lasted 02:32:09 (19623 turns).

Slowtrain the Destroyer (Tengu Wizard)             Turns: 19623, Time: 02:32:10

Health: 0/71       AC:  6    Str:  7    XL:     12   Next: 35%
Magic:  13/25      EV: 14    Int: 23    God:    Vehumet [*****.]
Gold:   750        SH:  5    Dex: 14    Spells: 10 memorised, 2 levels left

rFire  . . .     SeeInvis .     Z - +1 whip (elec)
rCold  + + .     Gourm    .     H - +1 leather armour {rC+}
rNeg   . . .     Faith    .     w - +0 buckler
rPois  .         Spirit   .     b - +0 hat
rElec  .         Dismiss  .     j - +1 cloak
rCorr  .         Reflect  .     (no gloves)
SustAt .         Harm     .     (boots unavailable)
MR     +....                    A - amulet of magic regeneration
Stlth  +++.......               c - ring of protection from magic
                                I - ring of protection from cold

@: very slightly contaminated, repel missiles, somewhat resistant to hostile
enchantments, fairly stealthy
A: beak, talons 3, able to fly 1
a: Fly, Renounce Religion


You were on level 12 of the Dungeon.
You worshipped Vehumet.
Vehumet was extremely pleased with you.
You were not hungry.

You visited 1 branch of the dungeon, and saw 12 of its levels.

You collected 750 gold pieces.

Inventory:

Hand Weapons
 M - a +0 blowgun
 Z - a +1 whip of electrocution (weapon)
Missiles
 g - 55 poisoned needles
 s - 411 stones (quivered)
 z - 3 throwing nets
 L - 7 curare-tipped needles
Armour
 b - a +0 hat (worn)
 h - a +0 robe of positive energy
 j - a +1 cloak (worn)
 w - a +0 buckler (worn)
 H - a +1 leather armour of cold resistance (worn)
 U - the +0 cloak of the Original Sin {MR++ Int-5 SInv Stlth+}
   (You found it on level 10 of the Dungeon)

   It affects your intelligence (-5).
   It affects your resistance to hostile enchantments.
   It lets you see invisible.
   It makes you more stealthy.
 V - a +0 robe of magic resistance
Jewellery
 c - a ring of protection from magic (right hand)
 i - an uncursed amulet of faith {unknown}
 p - an uncursed amulet of rage {unknown}
 r - an uncursed ring of sustain attributes
 A - an amulet of magic regeneration (around neck)
 B - an uncursed ring of see invisible
 C - an uncursed ring of fire
 I - a ring of protection from cold (left hand)
 O - a cursed amulet of inaccuracy {unknown}
Wands
 t - a wand of confusion (29/48)
 v - a wand of disintegration (12/24)
 y - a wand of lightning (10/15)
 R - a wand of lightning (7/15)
 W - a wand of paralysis (8/24)
Scrolls
 e - a scroll of fear
 f - a scroll of enchant armour
 k - a scroll of enchant weapon {unknown}
 l - 4 scrolls of amnesia
 o - 2 scrolls of magic mapping
 T - 5 scrolls of teleportation
 Y - a scroll of summoning {unknown}
Potions
 a - a potion of haste
 q - a potion of resistance
 u - a potion of brilliance {unknown}
 D - 6 potions of berserk rage
 F - 2 potions of magic
 G - a potion of experience {unknown}
 J - 4 potions of flight
 K - 2 potions of lignification
 N - 2 potions of might {unknown}
 P - 2 potions of heal wounds {unknown}
 Q - 2 potions of curing
 S - a potion of agility
 X - a potion of cure mutation
Books
 E - a book of the Tempests

   Spells                             Type                      Level
   a - Static Discharge               Conjuration/Air              3
   b - Lightning Bolt                 Conjuration/Air              5
   c - Fireball                       Conjuration/Fire             5
   d - Tornado                        Air                          9
   e - Shatter                        Earth                        9
Comestibles
 d - 3 bread rations
 m - 6 meat rations
 n - 5 chunks of flesh
 x - 3 fruits


   Skills:
 + Level 6.6 Fighting
 - Level 9.0 Maces & Flails
 - Level 5.9 Dodging
 - Level 5.0 Stealth
 - Level 3.0 Shields
 - Level 8.0 Spellcasting
 - Level 10.4 Conjurations
 - Level 4.0 Summonings
 - Level 4.2 Translocations
 - Level 6.0 Fire Magic
 - Level 6.2 Air Magic
 - Level 2.5 Poison Magic


You had 2 spell levels left.
You knew the following spells:

 Your Spells              Type           Power        Failure   Level  Hunger
a - Magic Dart            Conj           ####         1%          1    None
b - Call Imp              Summ           ####....     3%          2    None
c - Mephitic Cloud        Conj/Pois/Air  #####...     1%          3    None
d - Conjure Flame         Conj/Fire      #####...     1%          3    None
e - Blink                 Tloc           N/A          3%          2    None
f - Shock                 Conj/Air       ####         1%          1    None
g - Searing Ray           Conj           ######       1%          2    None
h - Fireball              Conj/Fire      #####.....   3%          5    #####..
i - Repel Missiles        Chrm/Air       ###...       6%          2    None
j - Iskenderun's Mystic   Conj           ######..     1%          4    ###....


Dungeon Overview and Level Annotations

Branches:
Dungeon (12/15)            Temple (0/1) D:7            Lair (0/8) D:11
    Orc (0/2) D:10

Altars:
Ashenzari
Cheibriados
Nemelex Xobeh
Okawaru
Pakellas
Trog
Vehumet

Shops:
D:6 =

Annotations:
D:4 bl4d3's ghost, amateur GrFi
D:8 Gastronok


Innate Abilities, Weirdness & Mutations

You have a beak for a mouth.
You have claws for feet.
You can fly.


Message History

The red ugly thing is engulfed in roaring flames.
The red ugly thing trunk-slaps you.
You are engulfed in flames!
Casting: Searing Ray
Confirm with . or Enter, or press ? or * to list all spells.
Aiming: Iskenderun's Mystic Blast
Press: ? - help, Shift-Dir - straight line, f/p - red ugly thing
Aim: a red ugly thing (flame, heavily wounded)
The orb of energy misses the red ugly thing.
The red ugly thing is engulfed in roaring flames.
The red ugly thing trunk-slaps you!
You are engulfed in flames!
Casting: Iskenderun's Mystic Blast
Confirm with . or Enter, or press ? or * to list all spells.
You miscast Blink.
You are very lightly contaminated with residual magic.
The air around you crackles with energy!
The red ugly thing is engulfed in roaring flames.
The red ugly thing trunk-slaps you!
* * * LOW HITPOINT WARNING * * *
You are engulfed in flames!
You die...

##### # ##### #....
##.### #..... #..###
############..#
.#######.............#
......u@.# #########.#
.....###.###########.#
####.................#
###################


You could see a red ugly thing.

Vanquished Creatures
  A hydra (D:12)
  Pikel (D:6)
  3 hill giants
  3 ugly things
  Maurice (D:8)
  A centaur zombie (D:12)
  A gargoyle (D:10)
  Joseph (D:8)
  A centaur skeleton (D:10)
  2 kobold demonologists
  A troll (D:10)
  Prince Ribbit (D:8)
  Grinder (D:6)
  A wraith (D:12)
  9 yaks
  2 hungry ghosts (D:8)
  2 hippogriffs
  Edmund (D:5)
  Duvessa (D:5)
  4 porcupines (D:8)
  A water moccasin (D:11)
  6 orc warriors
  4 sky beasts
  3 slaves (D:6)
  A black bear (D:7)
  An ice beast (D:11)
  2 necrophages
  A phantom (D:9)
  4 ogres
  A crocodile (D:10)
  6 centaurs
  2 big kobolds
  A gnoll sergeant (D:7)
  10 giant frogs
  Dowan (D:5)
  5 scorpions
  A water moccasin skeleton (D:11)
  11 wights
  20 killer bees
  An electric eel (D:10)
  4 howler monkeys
  A giant frog zombie (D:6)
  5 jellies
  3 crimson imps
  8 hounds
  3 orc priests
  A giant frog skeleton (D:8)
  4 iguanas
  19 orc wizards
  10 worker ants
  A killer bee zombie (D:8)
  A hound zombie (D:10)
  2 hound skeletons
  2 worker ant zombies
  15 gnolls
  12 adders
  2 river rats (D:11)
  5 shadow imps
  An adder skeleton (D:9)
  2 adder zombies
  3 worms
  4 dart slugs
  2 giant geckos
  56 orcs
  3 ball pythons
  6 giant cockroaches
  10 hobgoblins
  13 jackals
  6 quokkas
  11 bats
  A giant gecko skeleton (D:5)
  7 giant newts
  11 goblins
  16 kobolds
  A quokka skeleton (D:9)
  12 rats
  A plant (D:11)
384 creatures vanquished.

Vanquished Creatures (collateral kills)
  A scorpion (D:7)
  An orc priest (D:7)
  A worker ant (D:4)
  Robin (D:3)
  5 gnolls
  6 adders
  An orc (D:3)
  A ball python (D:2)
  A giant cockroach (D:2)
  A goblin (D:3)
  2 hobgoblins
  5 jackals (D:2)
  A bat (D:2)
27 creatures vanquished.

Vanquished Creatures (others)
  A worker ant zombie (D:6)
  15 fungi (D:11)
  4 plants
20 creatures vanquished.

Grand Total: 431 creatures vanquished

Notes
Turn   | Place    | Note
--------------------------------------------------------------
     0 | D:1      | Slowtrain the Tengu Wizard began the quest for the Orb.
     0 | D:1      | Reached XP level 1. HP: 10/10 MP: 5/5
    60 | D:1      | Reached skill level 2 in Conjurations
   457 | D:1      | Reached XP level 2. HP: 15/15 MP: 1/7
   584 | D:1      | Learned a level 2 spell: Call Imp
   755 | D:1      | Reached skill level 3 in Conjurations
  1655 | D:2      | Reached XP level 3. HP: 19/19 MP: 5/8
  1829 | D:2      | Learned a level 3 spell: Mephitic Cloud
  2345 | D:2      | Reached skill level 4 in Conjurations
  2496 | D:2      | Found an iron altar of Okawaru.
  2507 | D:2      | Reached XP level 4. HP: 24/24 MP: 2/9
  2517 | D:2      | Reached skill level 1 in Air Magic
  2882 | D:2      | Reached skill level 1 in Poison Magic
  3062 | D:3      | Gained mutation: You can fly. [Tengu growth]
  3062 | D:3      | Reached XP level 5. HP: 14/28 MP: 3/10
  3434 | D:3      | Learned a level 3 spell: Conjure Flame
  3760 | D:2      | HP: 1/28 [gnoll/club (7)]
  4197 | D:3      | Noticed Robin
  4220 | D:3      | Killed Robin
  4758 | D:3      | Reached XP level 6. HP: 26/32 MP: 1/11
  5018 | D:3      | Found a sparkling altar of Nemelex Xobeh.
  5623 | D:4      | Noticed bl4d3's ghost (amateur GrFi)
  5757 | D:4      | Reached skill level 5 in Conjurations
  5757 | D:4      | Reached skill level 1 in Fire Magic
  6456 | D:4      | Gained mutation: Armour fits poorly on your strangely shaped body. [potion of mutation]
  6456 | D:4      | Gained mutation: You are frail (-10% HP). [potion of mutation]
  6456 | D:4      | Gained mutation: You are somewhat resistant to further mutation. [potion of mutation]
  6457 | D:4      | Lost mutation: Armour fits poorly on your strangely shaped body. [potion of cure mutation]
  6457 | D:4      | Lost mutation: You are frail (-10% HP). [potion of cure mutation]
  6457 | D:4      | Lost mutation: You are somewhat resistant to further mutation. [potion of cure mutation]
  6700 | D:4      | Reached XP level 7. HP: 36/36 MP: 8/12
  6720 | D:4      | Reached skill level 6 in Conjurations
  6829 | D:4      | Found a radiant altar of Vehumet.
  6835 | D:4      | Became a worshipper of Vehumet
  7011 | D:4      | Learned a level 2 spell: Blink
  7264 | D:5      | Entered Level 5 of the Dungeon
  7322 | D:5      | Noticed Edmund
  7375 | D:5      | Killed Edmund
  7871 | D:5      | Reached skill level 7 in Conjurations
  8118 | D:5      | Reached XP level 8. HP: 31/41 MP: 9/13
  8500 | D:5      | Noticed Duvessa
  8500 | D:5      | Noticed Dowan
  8519 | D:5      | Killed Duvessa
  8519 | D:5      | Reached skill level 8 in Conjurations
  8519 | D:5      | Reached skill level 5 in Air Magic
  8522 | D:5      | Killed Dowan
  8866 | D:5      | Reached skill level 1 in Translocations
  8989 | D:5      | Upgraded the game from 0.18-a0-1413-g4eaa9ac to 0.18-a0-1426-g3b9a63c
  9103 | D:6      | Reached * piety under Vehumet
  9103 | D:6      | Offered knowledge of Shock by Vehumet.
  9103 | D:6      | Reached skill level 9 in Conjurations
  9106 | D:6      | Learned a level 1 spell: Shock
  9349 | D:6      | Found Fucsoat's Jewellery Boutique.
  9370 | D:6      | Noticed Grinder
  9459 | D:5      | Reached XP level 9. HP: 45/45 MP: 14/16
  9598 | D:6      | Paralysed by Grinder for 4 turns
  9693 | D:6      | Killed Grinder
  9817 | D:6      | Noticed Pikel
  9876 | D:6      | Killed Pikel
  9876 | D:6      | Reached skill level 5 in Spellcasting
 10696 | D:7      | Reached ** piety under Vehumet
 10696 | D:7      | Offered knowledge of Throw Frost by Vehumet.
 11332 | D:7      | Reached XP level 10. HP: 44/50 MP: 9/20
 11478 | D:7      | Reached skill level 5 in Dodging
 11511 | D:7      | Reached skill level 5 in Stealth
 11539 | D:7      | HP: 2/50 [orc wizard/puff of flame (10)]
 11557 | D:7      | Offered knowledge of Searing Ray by Vehumet.
 11557 | D:7      | Reached skill level 1 in Maces & Flails
 11561 | D:7      | Learned a level 2 spell: Searing Ray
 11840 | D:7      | Found a staircase to the Ecumenical Temple.
 12013 | D:7      | Reached *** piety under Vehumet
 12217 | D:7      | Found a shattered altar of Ashenzari.
 12221 | D:7      | Found an oddly glowing altar of Pakellas.
 12230 | D:7      | Learned a level 5 spell: Fireball
 12637 | D:8      | Noticed Prince Ribbit
 12656 | D:8      | Killed Prince Ribbit
 12703 | D:8      | Noticed Joseph
 13004 | D:8      | Found a bloodstained altar of Trog.
 13021 | D:8      | Reached skill level 5 in Maces & Flails
 13196 | D:8      | Offered knowledge of Fulminant Prism by Vehumet.
 13884 | D:8      | Noticed Gastronok
 13895 | D:8      | Noticed Maurice
 13910 | D:8      | Killed Maurice
 14217 | D:8      | Killed Joseph
 14588 | D:9      | Reached XP level 11. HP: 51/54 MP: 16/21
 14595 | D:9      | Reached skill level 1 in Shields
 14675 | D:9      | Noticed a sixfirhy
 14716 | D:9      | Learned a level 2 spell: Repel Missiles
 14813 | D:9      | Reached **** piety under Vehumet
 15140 | D:9      | Offered knowledge of Iskenderun's Mystic Blast by Vehumet.
 15154 | D:9      | Found a snail-covered altar of Cheibriados.
 15649 | D:10     | Entered Level 10 of the Dungeon
 16223 | D:10     | Noticed a hill giant
 16242 | D:10     | Killed a hill giant
 16611 | D:10     | Learned a level 4 spell: Iskenderun's Mystic Blast
 17009 | D:10     | Got a warped cloak
 17065 | D:10     | Found a radiant altar of Vehumet.
 17186 | D:10     | Found a staircase to the Orcish Mines.
 17441 | D:10     | Reached skill level 5 in Fire Magic
 17735 | D:11     | Reached ***** piety under Vehumet
 17785 | D:11     | Reached skill level 10 in Conjurations
 17838 | D:11     | Offered knowledge of Conjure Ball Lightning by Vehumet.
 17920 | D:11     | Noticed a hill giant
 17941 | D:11     | Killed a hill giant
 18471 | D:11     | Found a staircase to the Lair.
 18681 | D:11     | Noticed a purple ugly thing
 18691 | D:11     | Killed a purple ugly thing
 18701 | D:11     | Reached XP level 12. HP: 39/62 MP: 5/25
 19188 | D:12     | Reached skill level 5 in Fighting
 19268 | D:12     | Noticed a seven-headed hydra
 19273 | D:12     | Killed a seven-headed hydra
 19414 | D:12     | Identified the cursed +0 cloak of the Original Sin {MR++ Int-5 SInv Stlth+} (You found it on level 10 of the Dungeon)
 19623 | D:12     | Slain by a red ugly thing

Vault maps used:
D:1:      evilmike_arrival_crescent
D:2:      minmay_door_path, lemuel_crystal_altar, grunt_ministairs_2
D:3:      wad_crossroads, nemelex_xobeh_ov_fountains_minmay, uniq_robin
D:4:      lemuel_round_altar
D:5:      kennysheep_spiral_hall, first_bread, uniq_edmund, uniq_duvessa
D:6:      serial_shops, shop_statue, uniq_grinder, uniq_pikel
D:7:      minitemple, minmay_temple_entry_statues, columned_hall_lemuel,
          kennysheep_generic_room_6
D:8:      wad_woods_stonehenge, uniq_maurice, uniq_gastronok,
          uniq_prince_ribbit1, uniq_joseph
D:9:      old_standard_altar
D:10:     erik_orc_2, basic_altar
D:11:     due_lair_maze_entry_diamond

Skill      XL: |  1  2  3  4  5  6  7  8  9 10 11 12 |
---------------+-------------------------------------+-----
Conjurations   | 2 3 4 5 7 9 10 | 10.4
Summonings     | 2 4 |  4.0
Air Magic      | 2 3 4 6 |  6.2
Poison Magic   | 1 2 |  2.5
Fire Magic     | 2 3 6 |  6.0
Translocations | 3 4 |  4.2
Spellcasting   | 4 6 8 |  8.0
Dodging        | 4 5 |  5.9
Stealth        | 4 5 |  5.0
Maces & Flails | 8 9 |  9.0
Shields        | 3 |  3.0
Fighting       | 2 6 |  6.6

Action                   |  1- 3 |  4- 6 |  7- 9 | 10-12 || total
-------------------------+-------+-------+-------+-------++-------
Melee: Dagger            |    57 |    27 |       |       ||    84
       Halberd           |       |   107 |    13 |       ||   120
       Spear             |       |       |   171 |     9 ||   180
       Flail             |       |       |     8 |     6 ||    14
       Whip              |       |       |    35 |   186 ||   221
 Fire: Blowgun           |       |       |    51 |   111 ||   162
       Hunting sling     |       |       |    12 |       ||    12
Throw: Stone             |       |       |     2 |       ||     2
 Cast: Magic Dart        |    77 |   130 |   138 |   167 ||   512
       Call Imp          |     9 |    25 |     4 |     2 ||    40
       Mephitic Cloud    |       |    10 |    24 |    26 ||    60
       Conjure Flame     |       |     6 |    41 |    67 ||   114
       Blink             |       |       |     9 |     1 ||    10
       Shock             |       |       |    12 |    13 ||    25
       Searing Ray       |       |       |       |    77 ||    77
       Fireball          |       |       |       |     7 ||     7
       Iskenderun's Myst |       |       |       |    10 ||    10
       Repel Missiles    |       |       |       |     3 ||     3
 Abil: Fly               |       |     2 |     1 |     3 ||     6
Evoke: Wand              |       |       |     2 |       ||     2
  Use: Scroll            |       |     5 |     9 |     8 ||    22
       Potion            |       |     7 |       |     3 ||    10
 Stab: Sleeping          |       |     1 |     1 |     2 ||     4
       Confused          |       |       |     2 |       ||     2
       Distracted        |       |       |     1 |       ||     1
       Paralysed         |       |       |     6 |       ||     6
  Eat: Chunk             |     5 |    12 |    11 |    17 ||    45
       Bread ration      |       |     1 |       |     1 ||     2
       Beef jerky        |       |       |     2 |     1 ||     3
       Meat ration       |       |       |     1 |     1 ||     2
       Fruit             |       |       |     1 |       ||     1
       Royal jelly       |       |       |       |     1 ||     1
